 Dungeon Crawl Stone Soup version 0.32-a0-120-gfac0567ad4 (webtiles) character file.

Game seed: 4929435250113165996

5999 Bravepunisher the Nimble (level 10, 0/53 HPs)
             Began as a Spriggan Monk on Feb 6, 2024.
             Was a High Priest of Okawaru.
             Slain by an orc warrior
             ... wielding a +0 halberd
              (17 damage)
             ... on level 8 of the Dungeon.
             The game lasted 00:31:05 (8281 turns).

Bravepunisher the Nimble (Spriggan Monk)            Turns: 8281, Time: 00:31:06

Health: 0/53       AC:  3    Str: 15    XL:     10   Next: 55%
Magic:  18/18      EV: 25    Int: 20    God:    Okawaru [*****.]
Gold:   493        SH:  0    Dex: 20    Spells: 9/9 levels left

rFire   . . .        n - +9 dagger "Japp" {flame, rN+ Int+8 Stlth-}
rCold   . . .        (no shield)
rNeg    + . .        b - +0 robe
rPois   .            h - +0 hat
rElec   .            f - +0 cloak
rCorr   .            (gloves unavailable)
SInv    +            (boots unavailable)
Will    +....        (no amulet)
Stlth   +            d - +6 ring of strength
HPRegen 0.28/turn    r - +4 ring of slaying
MPRegen 0.16/turn

%: no passive effects
@: very quick
A: very small, no large weapons, unfitting armour, see invisible, speed 3
a: Renounce Religion, Heroism, Finesse, Duel


You were on level 8 of the Dungeon.
You worshipped Okawaru.
Okawaru was extremely pleased with you.
You visited 3 branches of the dungeon, and saw 12 of its levels.

You collected 493 gold pieces.

Inventory:

Hand Weapons
 n - the +9 dagger "Japp" (weapon) {flame, rN+ Int+8 Stlth-}
   (You found it on level 2 of the Dungeon)

   Int+8:     It affects your intelligence (+8).
   rN+:       It protects you from negative energy.
   Stlth-:    It makes you less stealthy.
Armour
 b - a +0 robe (worn)
 f - a +0 cloak (worn)
 h - a +0 hat (worn)
Jewellery
 d - a +6 ring of strength (left hand)
 r - a +4 ring of slaying (right hand)
Wands
 p - a wand of flame (1)
 y - a wand of polymorph (11)
Scrolls
 e - 2 scrolls of immolation {unknown}
 g - 3 scrolls of identify {unknown}
 i - 2 scrolls of poison {unknown}
 j - 4 scrolls of teleportation {unknown}
 k - a scroll of vulnerability {unknown}
 l - 2 scrolls of enchant weapon {unknown}
 x - 2 scrolls of fog {unknown}
Potions
 a - a potion of might {unknown}
 c - a potion of ambrosia
 m - 5 potions of curing
 o - 2 potions of attraction {unknown}
 q - a potion of berserk rage {unknown}
 s - 2 potions of enlightenment {unknown}
 t - a potion of cancellation {unknown}
 v - 2 potions of mutation {unknown}
 w - a potion of haste {unknown}


   Skills:
 + Level 6.3 Fighting
 - Level 5.4 Short Blades
 + Level 5.0 Armour
 + Level 10.1 Dodging
 * Level 9.8 Invocations


You had 9 spell levels left.
You didn't know any spells.
Your spell library contained the following spells:

 Spells                   Type           Power      Damage    Failure   Level
 Apportation              Tloc           0%         N/A       19%         1
 Necrotise                Necr           0%         1d4       19%         1
 Sting                    Conj/Alch      0%         1d3       19%         1
 Ensorcelled Hibernation  Hex/Ice        0%         N/A       28%         2
 Passwall                 Erth           0%         N/A       50%         3
 Swiftness                Air            0%         N/A       50%         3
 Summon Small Mammal      Summ           Unusable   N/A       N/A         1

Dungeon Overview and Level Annotations

Branches:
Dungeon (10/15)            Temple (1/1) D:4            Lair (1/5) D:8
    Orc: D:9-12

Altars:
Ashenzari
Dithmenos
Elyvilon
Fedhas
Hepliaklqana
Kikubaaqudgha
Makhleb
Nemelex Xobeh
Okawaru
Ru
Trog
Vehumet
Wu Jian
Xom
Yredelemnul
Zin
The Shining One

Shops:
D:7 (

Annotations:
D:9 exclusion: snapping turtle, Jeremiah
Lair:1 Joseph


Innate Abilities, Weirdness & Mutations

You are very small and have problems with some larger weapons.
You are too small for most types of armour.
You have supernaturally acute eyesight. (SInv)
You cover ground extremely quickly. (Speed+++)


Message History

The wolf completely misses you. The orc priest misses you.
An orc comes into view. It is wielding a +0 hand axe.
You puncture the orc priest! You burn the orc priest.
The orc priest is almost dead.
The wolf closely misses you.
You puncture the orc priest! You burn the orc priest.
You kill the orc priest!
Okawaru accepts your kill. The wolf misses you.
You hit the wolf. You burn the wolf.
The wolf is almost dead.
The wolf bites you!
* * * LOW HITPOINT WARNING * * *
You puncture the wolf! You burn the wolf.
You kill the wolf!
Okawaru accepts your kill.
The orc warrior returns to its original shape as it dies.
The orc completely misses you.
You see here an orc corpse.
You puncture the orc! You burn the orc.
You kill the orc!
An orc warrior comes into view. It is wielding a +0 halberd.
An orc wizard comes into view. It is wielding a +0 dagger.
The orc warrior shouts!
You hear a shout!
Things that are here:
a +0 hand axe; an orc corpse You see here an orc corpse.
You feel better. The orc warrior barely misses you.
Things that are here:
a +0 hand axe; an orc corpse You puncture the orc warrior!
You burn the orc warrior.
The orc warrior is heavily wounded.
The orc warrior completely misses you.
You puncture the orc warrior! You burn the orc warrior.
The orc warrior is almost dead.
The orc warrior closely misses you.
You hit the orc warrior but do no damage.
The orc warrior is almost dead.
The orc warrior hits you with a +0 halberd!
You die...

# #......P......P.....
# #.÷............P....
# #.P..P....P...P.....
# #....♣.P>...........
# #..[..........P^....
# #...P...............
#####.P..♣.P..)).......
....)....P...P.†.♣####
............P...@.#
......>........P#o#
.......#.......##o#
#...##.#.###.#.# .#
#.#.##.#.# #...# .#
#.#.##.#.# #.### .#
..~.##.#.# #. .# #.# #
.# ~.#


You could see an orc warrior and an orc wizard.

Vanquished Creatures
  Sigmund (D:6)
  3 wyverns
  10 yaks
  A basilisk (D:8)
  Edmund (D:4)
  2 water moccasins
  4 orc warriors
  2 ice beasts (D:6)
  A sky beast (D:8)
  4 black bears
  An ogre (D:5)
  2 centaurs (D:7)
  2 wolves (D:8)
  3 phantoms
  2 kobold brigands (D:8)
  Blork the orc (D:6)
  6 bullfrogs
  3 scorpions
  A wight (D:8)
  4 killer bees (D:9)
  A howler monkey (D:9)
  A gnoll bouda (D:9)
  A jelly (D:6)
  Crazy Yiuf (D:4)
  3 orc priests
  3 hounds
  2 sleepcaps
  3 iguanas (D:5)
  6 orc wizards
  Robin (D:3)
  3 gnolls (D:9)
  6 adders
  2 ufetubi (D:6)
  4 dart slugs
  3 ribbon worms
  36 orcs
  6 ball pythons
  12 bats
  12 endoplasms
  2 giant cockroaches
  13 goblins
  17 hobgoblins
  3 jackals
  2 quokkas
  2 frilled lizards (D:1)
  20 kobolds
  3 rats
222 creatures vanquished.

Notes
Turn   | Place    | Note
-------+----------+-------------------------------------------
     0 | D:1      | Bravepunisher the Spriggan Monk began the quest for the
                  | Orb.
     0 | D:1      | Reached XP level 1. HP: 11/11 MP: 2/2
   138 | D:4      | Found a shimmering altar of Xom.
   162 | D:4      | Noticed a sleepcap
   215 | D:5      | Entered Level 5 of the Dungeon
   255 | D:5      | Reached XP level 2. HP: 3/16 MP: 3/3
   353 | D:4      | Found a staircase to the Ecumenical Temple.
   363 | Temple   | Entered the Ecumenical Temple
   368 | Temple   | Became a worshipper of Warmaster Okawaru
   368 | Temple   | Reached * piety under Okawaru
   368 | Temple   | Reached ** piety under Okawaru
   589 | D:1      | Reached XP level 3. HP: 17/19 MP: 4/4
   593 | D:1      | Reached skill level 1 in Invocations
   724 | D:1      | Reached skill level 5 in Dodging
  1184 | D:1      | Found a faded altar of an unknown god.
  1253 | D:1      | Reached XP level 4. HP: 24/24 MP: 6/6
  2099 | D:2      | Identified the +9 dagger "Japp" {flame, rN+ Int+8 Stlth-}
  2224 | D:3      | Found a sparkling altar of Nemelex Xobeh.
  2385 | D:3      | Found a sacrificial altar of Ru.
  2564 | D:3      | Found a shadowy altar of Dithmenos.
  2746 | D:3      | Found a blossoming altar of Fedhas.
  2810 | D:3      | Noticed Robin
  2814 | D:3      | Killed Robin
  2818 | D:3      | Reached XP level 5. HP: 28/28 MP: 7/7
  3041 | D:4      | Reached skill level 1 in Armour
  3142 | D:4      | Noticed a phantom
  3155 | D:4      | Killed a phantom
  3156 | D:4      | Reached XP level 6. HP: 31/32 MP: 9/9
  3220 | D:4      | Noticed Edmund
  3421 | D:5      | Reached *** piety under Okawaru
  3512 | D:5      | Reached skill level 6 in Dodging
  3649 | D:5      | Reached XP level 7. HP: 27/36 MP: 9/11
  3842 | D:5      | Found a burning altar of Makhleb.
  3904 | D:5      | Found a basalt altar of Yredelemnul.
  4639 | D:4      | Killed Edmund
  4690 | D:4      | Found a runed translucent door.
  4691 | D:4      | Noticed Crazy Yiuf
  4699 | D:4      | Killed Crazy Yiuf
  4869 | D:6      | Noticed Blork the orc
  4871 | D:6      | Killed Blork the orc
  4872 | D:6      | Reached skill level 5 in Invocations
  4883 | D:6      | Reached XP level 8. HP: 42/42 MP: 12/12
  4896 | D:6      | Found a hazy altar of Hepliaklqana.
  4917 | D:6      | Reached skill level 5 in Short Blades
  4917 | D:6      | Reached skill level 7 in Dodging
  5000 | D:6      | Found a broken altar of Ashenzari.
  5060 | D:6      | Found an ornate altar of the Wu Jian Council.
  5063 | D:6      | Noticed Sigmund
  5091 | D:6      | Killed Sigmund
  5410 | D:7      | Reached **** piety under Okawaru
  5591 | D:7      | Reached XP level 9. HP: 46/46 MP: 15/15
  5692 | D:7      | Found Zotsyxae's Antique Weapon Shoppe.
  5700 | D:7      | Reached skill level 8 in Dodging
  6259 | D:8      | Reached skill level 5 in Fighting
  6409 | D:8      | Reached ***** piety under Okawaru
  6657 | D:8      | Reached skill level 9 in Dodging
  6822 | D:8      | Received a gift from Okawaru
  6838 | D:8      | Reached XP level 10. HP: 42/53 MP: 14/17
  6922 | D:8      | Found a staircase to the Lair.
  7567 | D:9      | Noticed Jeremiah
  7855 | D:9      | Noticed a two-headed ogre
  7924 | D:9      | Reached skill level 10 in Dodging
  7930 | D:9      | Reached skill level 5 in Armour
  8033 | D:9      | a two-headed ogre changed into a snapping turtle
  8099 | D:10     | Entered Level 10 of the Dungeon
  8183 | Lair:1   | Entered Level 1 of the Lair of Beasts
  8232 | Lair:1   | Noticed Joseph
  8281 | D:8      | Slain by an orc warrior

Illustrated notes

Levels and vault maps discovered:
D:1:      scummos_arrival_simple_fountains, layout_basic,
          dreamdust_ecumenical_altar_angels_and_demons, serial_forest,
          infiniplex_forest_lined_room_, infiniplex_forest_end_1,
          infiniplex_forest_fountain, infiniplex_forest_clump_tiny,
          infiniplex_forest_lined_3_way, infiniplex_forest_lined_4_way,
          infiniplex_forest_lined_corner, minmay_misc_feat_pillars, nrook_uturn,
          minmay_vboxes
D:2:      layout_basic
D:3:      layout_loops_ring, mainiacjoe_overflow_six_doors_small,
          mainiacjoe_overflow_surrounded_room, minitemple, minivault_27,
          minmay_misc_feat_chi, st_stairs_2, minmay_misc_feat_columns,
          minmay_misc_feat_enclosed, kennysheep_potato, uniq_robin
D:4:      layout_cave_pods, mainiacjoe_overflow_cross_hatched,
          minmay_temple_entry_stoned_glass, minmay_starry_boxes,
          uniq_crazy_yiuf_cottage, uniq_edmund
D:5:      layout_cave_pods, bloody_makhleb, mainiacjoe_overflow_paths
D:6:      layout_rooms, nzn_wu_jian_contemplation,
          mainiacjoe_overflow_boulevard, lemuel_round_altar, uniq_blork_the_orc,
          uniq_sigmund
D:7:      layout_basic, serial_shops, nicolae_diamond_shop, st_stairs_10,
          grunt_decor_resistance
D:8:      layout_basic, chequers_temple_overflow_statue_of_worship,
          minmay_lair_entry_grove, serial_rivers,
          chequers_serial_rivers_micro_a, chequers_serial_rivers_large_a,
          chequers_serial_rivers_small_a, chequers_serial_rivers_micro_c,
          chequers_serial_rivers_micro_a, chequers_serial_rivers_small_b
D:9:      layout_roguey, mainiacjoe_overflow_small_starburst, uniq_jeremiah
D:10:     layout_cave_pools, hellmonk_sif_muna_bookshelves, marbit_many_paths,
          erik_orc_2, gammafunk_ghost_ooze
Temple:   nicolae_temple_ecumenical_triangle
Lair:1:   layout_roguey, grunt_megastairs_2, lemuel_fruit_tree, uniq_nergalle,
          uniq_joseph

Skill      XL: |  1  2  3  4  5  6  7  8  9 10 |
---------------+-------------------------------+-----
Invocations    | 1 2 3 4 5 6 8 9 |  9.8
Dodging        | 5 6 7 9 10 | 10.1
Fighting       | 3 4 5 6 |  6.3
Armour         | 1 2 3 4 5 |  5.0
Short Blades   | 4 5 |  5.4

Action                     |  1- 3 |  4- 6 |  7- 9 | 10-12 || total
---------------------------+-------+-------+-------+-------++-------
  Melee: Short sword       |   209 |    18 |       |       ||   227
         Punch             |     7 |     6 |    16 |     6 ||    35
         Dagger            |       |   157 |   212 |   140 ||   509
 Invoke: Heroism           |       |       |     5 |     2 ||     7
  Evoke: Wand              |       |     5 |    17 |     7 ||    29
    Use: Potion            |       |       |       |     2 ||     2
   Stab: Sleeping          |     2 |     3 |       |       ||     5
 Armour: Robe              |    40 |    34 |    47 |    26 ||   147
  Dodge: Dodged            |   174 |   115 |   152 |    85 ||   526

Table legend: (Time is in decaauts)
 A = Elapsed time spent in this place.
 B = Non-inter-level travel time spent in this place.
 C = Inter-level travel time spent in this place.
 D = Time resting spent in this place.
 E = Time spent auto-exploring this place.
 F = Levels seen in this place.
 G = Mean time per level.
                   A        B        C        D        E       F      G
               +--------+--------+--------+--------+--------+-----+--------+
         Total |   5899 |   5723 |    176 |    429 |   3871 |  12 |  491.6 |
       Dungeon |   5843 |   5670 |    173 |    429 |   3847 |  10 |  584.3 |
        Temple |      7 |      5 |      2 |      0 |      0 |   1 |    7.0 |
          Lair |     48 |     48 |      0 |      0 |     24 |   1 |   48.0 |
               +--------+--------+--------+--------+--------+-----+--------+

Top non-repeatable levels by time:
     D:9: 996 daAuts
     D:5: 753 daAuts
     D:7: 699 daAuts
     D:4: 686 daAuts
     D:1: 663 daAuts
     D:8: 613 daAuts
     D:3: 579 daAuts
     D:2: 551 daAuts
     D:6: 287 daAuts
  Lair:1: 48 daAuts
    D:10: 12 daAuts
  Temple: 7 daAuts
